 Dungeon Crawl Stone Soup version 0.31-a0-177-g4aa6249778 (webtiles) character file.

Game seed: 17156861452350962111

46 qw the Chopper (level 3, 0/23 HPs)
             Began as a Gargoyle Fighter on June 18, 2023.
             Slain by a goblin
             ... wielding a +0 club
             ... led by Robin
              (1 damage)
             ... on level 2 of the Dungeon.
             The game lasted 00:00:33 (1088 turns).

qw the Chopper (Gargoyle Fighter)                   Turns: 1088, Time: 00:00:34

Health: 0/23       AC: 11    Str: 21    XL:     3   Next: 68%
Magic:  3/3        EV:  9    Int:  8    God:
Gold:   94         SH:  4    Dex:  9    Spells: 2/2 levels left

rFire   . . .        Y - +0 war axe
rCold   . . .        c - +0 buckler
rNeg    + . .        b - +0 scale mail
rPois   inf          (no helmet)
rElec   +            (no cloak)
rCorr   .            h - +0 pair of gloves
SInv    .            (no boots)
Will    .....        (no amulet) Stlth
                     (no ring)
HPRegen 0.23/turn    (no ring)
MPRegen 0.08/turn

%: no passive effects
@: no status effects
A: sickness immunity, AC +3, negative energy resistance 1, electricity
resistance, torment resistance 1, petrification resistance
a: no special abilities


You were on level 2 of the Dungeon.
You visited 1 branch of the dungeon, and saw 2 of its levels.

You collected 94 gold pieces.


Innate Abilities, Weirdness & Mutations

You are immune to sickness and miasma.
Your stone body is resilient. (AC +3)
You are immune to poison.
You resist negative energy. (rN+)
You are resistant to electric shocks. (rElec)
You are resistant to unholy torment.
You are immune to petrification.


   Skills:
 - Level 3.2 Fighting
 + Level 3.5 Axes
 - Level 3.2 Armour
 - Level 3.2 Shields


You had 2 spell levels left.
You didn't know any spells.
Your spell library was empty.

Inventory:

Hand Weapons
 g - a +0 whip
 Y - a +0 war axe (weapon)
Armour
 b - a +0 scale mail (worn)
 c - a +0 buckler (worn)
 h - a +0 pair of gloves (worn)
Scrolls
 e - 2 scrolls of identify {unknown}
 f - a scroll of poison {unknown}
Potions
 a - a potion of curing {unknown}
 d - a potion of might

Dungeon Overview and Level Annotations

Branches:
Dungeon (2/15)

Altars:

Annotations:
D:2 Robin


Message History

The hobgoblin barely misses you. Robin hits you but does no damage.
The hobgoblin hits you but does no damage.
Robin barely misses you.
You barely miss Robin. You closely miss the goblin.
You closely miss the hobgoblin. You closely miss the goblin.
The hobgoblin hits you but does no damage.
The goblin hits you with a +0 club. x2
Robin says, "Bow before me, strongest of all the hobgoblins!"
Robin hits you but does no damage.
You hit Robin but do no damage. You miss the goblin.
You barely miss the hobgoblin. You hit the goblin but do no damage.
You barely miss the hobgoblin. You block the hobgoblin's attack.
The hobgoblin hits you. The goblin hits you with a +0 club.
The goblin barely misses you. Robin hits you but does no damage.
You slash Robin!
Robin is heavily wounded.
You hit the goblin but do no damage. You slash the hobgoblin!
You kill the hobgoblin!
You closely miss the goblin. You hit the goblin but do no damage.
You barely miss the hobgoblin. The goblin hits you with a +0 club.
Robin hits you but does no damage. The goblin closely misses you.
The goblin hits you but does no damage. The hobgoblin hits you.
The goblin hits you but does no damage. The hobgoblin barely misses you.
Robin points. "Kill!"
Robin barely misses you.
The goblin hits you but does no damage. x2
You barely miss Robin.
Robin is heavily wounded.
You closely miss the goblin. You hit the goblin.
You kill the goblin!
You slash the goblin!
You kill the goblin!
You hit the hobgoblin but do no damage. You closely miss the hobgoblin.
You barely miss the goblin.
The hobgoblin no longer looks unusually strong.
The hobgoblin misses you. The hobgoblin hits you.
The goblin hits you but does no damage. Robin throws the goblin at you!
The goblin hits you with a +0 club.
You die...

#....##.......#)......
#.......#.###%...##
#......##.###....##>.#
#....#.##.#.........# #
#....#.##......#######.#
##...#.##...#####.......
###...##...# ##........
#####.......###.gg......
#.............))@%<.....
#............(#ggg....).
#............##.........
#...........###.........
#...........# #.........
#######.....####........
#..#....###$....#.
####....# ###### #....#


You could see Robin, 2 hobgoblins and 2 goblins.

Vanquished Creatures
  An adder (D:2)
  A dart slug (D:2)
  2 endoplasms (D:1)
  8 goblins (D:2)
  5 hobgoblins
  A quokka (D:1)
  7 ball pythons
  3 bats (D:1)
  2 frilled lizards (D:1)
  A kobold (D:1)
  5 rats (D:1)
36 creatures vanquished.

Notes
Turn   | Place    | Note
-------+----------+-------------------------------------------
     0 | D:1      | qw the Gargoyle Fighter began the quest for the Orb.
     0 | D:1      | Reached XP level 1. HP: 14/14 MP: 1/1
     0 | D:1      | 0 ||| qw: Version: 0.3-a-5-g6f28e65
     0 | D:1      | 0 ||| qw: Game counter: 599
     0 | D:1      | 0 ||| qw: Always use a shield: true
     0 | D:1      | 0 ||| qw: God list: Okawaru
     0 | D:1      | 0 ||| qw: Allow faded altars: false
     0 | D:1      | 0 ||| qw: Do Orc after D:15 true
     0 | D:1      | 0 ||| qw: Do second Lair branch before Depths: true
     0 | D:1      | 0 ||| qw: Lair rune preference: random
     0 | D:1      | 0 ||| qw: Plans: Normal, Zot:1-4, Slime:5, God:TSO, Crypt,
                  | Tomb, Abyss, Pan, Hells, Win
     0 | D:1      | 0 ||| PLANNING D:1-11
   251 | D:1      | Reached XP level 2. HP: 19/19 MP: 2/2
   262 | D:1      | Found a faded altar of an unknown god.
   610 | D:1      | Reached skill level 3 in Axes
   731 | D:1      | Reached XP level 3. HP: 23/23 MP: 3/3
   805 | D:1      | 805 ||| UPGRADING to +0 pair of gloves.
   810 | D:1      | 810 ||| DROPPING +6 ring of intelligence.
   811 | D:1      | 811 ||| READING scroll labelled JAUHA PEUTS.
   812 | D:1      | 812 ||| READING scroll labelled KOCOMY TUTHRIH.
   939 | D:2      | 939 ||| Stepping ~*~*~tactically~*~*~ (hiding).
   996 | D:2      | 996 ||| Stepping ~*~*~tactically~*~*~ (stealth).
  1071 | D:2      | Identified the +6 falchion "Xottovet" {speed, rElec Dex+5}
  1076 | D:2      | Noticed Robin
  1087 | D:2      | HP: 4/23 [goblin/+0 club[Robin] (2)]
  1088 | D:2      | HP: 1/23 [hobgoblin[Robin] (2)]
  1088 | D:2      | Slain by a goblin

Levels and vault maps discovered:
D:1:      minmay_arrival_four_houses, layout_loops_ring,
          nicolae_ecumenical_snake_handling, solitary_fountain
D:2:      layout_rooms, uniq_crazy_yiuf_cottage, uniq_robin, uniq_jessica

Skill      XL: |  1  2 |
---------------+-------+-----
Axes           | 2 3 |  3.5
Fighting       | |  3.2
Armour         | |  3.2
Shields        | |  3.2

Action                     || total
---------------------------++-------
  Melee: War axe           ||    95
    Use: Scroll            ||     2
 Armour: Scale mail        ||    59
  Dodge: Dodged            ||    56
  Block: Buckler           ||    14

Table legend:
 A = Non-vault XP
 B = Vault XP
 C = Vault XP percentage of total XP
 D = Non-vault monster count
 E = Vault monster count
 F = Vault count percentage of total count
                 A         B        C        D         E       F
            +---------+---------+-------+---------+---------+-------
      Total |      49 |      22 |  31.0 |      24 |      12 |  33.3
            +---------+---------+-------+---------+---------+-------
        D:1 |      27 |       7 |  20.6 |      19 |       4 |  17.4
        D:2 |      22 |      15 |  40.5 |       5 |       8 |  61.5
            +---------+---------+-------+---------+---------+-------
